 Dungeon Crawl Stone Soup version 0.28-b1-25-g9875b3fc8c (webtiles) character file.

Game seed: 7541329102061228129

39 raph the Digger (level 3, -1/19 HPs)
             Began as a Deep Elf Earth Elementalist on Feb 7, 2022.
             Slain by an adder (5 damage)
             ... on level 2 of the Dungeon.
             The game lasted 00:04:12 (2284 turns).

raph the Digger (Deep Elf Earth Elementalist)       Turns: 2284, Time: 00:04:12

Health: -1/19      AC:  2    Str:  5    XL:     3   Next: 28%
Magic:  1/9        EV: 12    Int: 21    God:
Gold:   32         SH:  0    Dex: 15    Spells: 2/8 levels left

rFire   . . .      SeeInvis .   a - +1 long sword (drain)
rCold   . . .      Faith    .   (no shield)
rNeg    . . .      Spirit   .   b - +0 robe
rPois   .          Reflect  .   (no helmet)
rElec   .          Harm     .   (no cloak)
rCorr   .          Rampage  .   (no gloves)
Will    .....                   (no boots)
Stlth   ++........              (no amulet)
HPRegen 0.06/turn               (no ring)
MPRegen 0.11/turn               (no ring)

@: no status effects
A: no striking features
a: no special abilities


You were on level 2 of the Dungeon.
You visited 1 branch of the dungeon, and saw 2 of its levels.

You collected 32 gold pieces.

Inventory:

Hand Weapons
 a - a +1 long sword of draining (weapon)
 e - a +0 dagger
 j - a +0 spear
Missiles
 c - 37 stones
Armour
 b - a +0 robe (worn)
Scrolls
 f - 2 scrolls of identify
Potions
 d - a potion of invisibility {unknown}
 g - a potion of curing {unknown}
 h - 2 potions of magic


   Skills:
 + Level 0.2 Fighting
 + Level 2.5 Dodging
 + Level 2.6 Stealth
 + Level 3.0 Spellcasting
 * Level 0.0 Conjurations
 - Level 1.1 Transmutations
 * Level 4.6 Earth Magic


You had 2 spell levels left.
You knew the following spells:

 Your Spells              Type           Power      Damage    Failure   Level
a - Sandblast             Erth           44%        2d11      1%          1
b - Passwall              Tmut/Erth      12%        N/A       6%          2
c - Stone Arrow           Conj/Erth      26%        3d8       16%         3

Your spell library contained the following spells:

 Spells                   Type           Power      Damage    Failure   Level
 Static Discharge         Conj/Air       3%         N/A       21%         2
 Petrify                  Tmut/Erth      15%        N/A       38%         4
 Dispel Undead            Necr           3%         3d7       78%         4
 Sticky Flame             Conj/Fire      3%         2d3       78%         4


Dungeon Overview and Level Annotations

Branches:
Dungeon (2/15)

Altars:


Message History

Aim: an adder (heavily wounded, 48% to hit)
The stone arrow misses the adder.
Casting: Stone Arrow (extremely dangerous; 16% risk of failure)
Confirm with . or Enter, or press ? or * to list all spells.
Aiming: Stone Arrow (extremely dangerous; 16% risk of failure)
Press: ? - help, Shift-Dir - straight line, f/p - adder
Aim: an adder (heavily wounded, 48% to hit)
The stone arrow hits the adder.
The adder is almost dead.
The adder closely misses you. The adder bites you.
You don't have enough magic to cast this spell.
Unknown command.
You closely miss the adder.
The adder is almost dead.
The adder misses you. The adder barely misses you. The adder bites you.
You don't have enough magic to cast this spell.
Unknown command.
Aiming: Sandblast (safe; 1% risk of failure)
Press: ? - help, Q - select action, (/) - cycle Shift-Dir - straight line, f/p - adder
Aim: an adder (severely wounded, 68% to hit)
The blast of sand misses the adder.
The adder bites you. The adder closely misses you.
There is an open door here.
The adder barely misses you. The adder misses you.
Aiming: Sandblast (safe; 1% risk of failure)
Press: ? - help, Q - select action, (/) - cycle Shift-Dir - straight line, f/p - adder
Aim: an adder (severely wounded, 68% to hit)
The blast of sand misses the adder.
The adder bites you but does no damage.
You closely miss the adder.
The adder is severely wounded.
The adder bites you. The adder closely misses you. The adder bites you.
* * * LOW HITPOINT WARNING * * *
The adder completely misses you. The adder bites you.
You die...

. ######## #......#
#......# #..@S..#
#......##########
#.......>.......#
#...............#
#...............####
######..........'...
#..........####
#..........#
#######.#######


You could see an adder.

Vanquished Creatures
  An adder (D:2)
  2 endoplasms
  2 giant cockroaches
  A goblin (D:1)
  4 hobgoblins
  3 kobolds (D:1)
  4 quokkas
  5 ball pythons
  2 bats (D:1)
  2 frilled lizards
  2 rats
28 creatures vanquished.

Notes
Turn   | Place    | Note
-------+----------+-------------------------------------------
     0 | D:1      | raph the Deep Elf Earth Elementalist began the quest for
                  | the Orb.
     0 | D:1      | Reached XP level 1. HP: 10/10 MP: 6/6
   170 | D:1      | Found a faded altar of an unknown god.
   582 | D:1      | Reached XP level 2. HP: 8/15 MP: 1/8
   595 | D:1      | Reached skill level 4 in Earth Magic
   958 | D:1      | Learned a level 2 spell: Passwall
  1916 | D:2      | Reached XP level 3. HP: 19/19 MP: 6/9
  1920 | D:2      | Learned a level 3 spell: Stone Arrow
  2284 | D:2      | Slain by an adder

Illustrated notes

Levels and vault maps discovered:
D:1:      amcnicky_arrival_single_pillar, layout_loops_corners,
          basic_ecumenical_altar, minmay_vboxes
D:2:      layout_basic, uniq_jessica

Skill      XL: |  1  2 |
---------------+-------+-----
Earth Magic    | 4 |  4.6
Fighting       | |  0.2
Dodging        | |  2.5
Stealth        | |  2.6
Spellcasting   | |  3.0
Transmutations | |  1.1

Action                   || total
-------------------------++-------
Melee: Spear             ||    12
       Dagger            ||    14
       Long sword        ||     5
 Cast: Sandblast         ||    25
       Stone Arrow       ||     6
  Use: Scroll            ||     6
 Stab: Sleeping          ||     4
Armor: Robe              ||    14
Dodge: Dodged            ||    36
